AoeStats
← Oscar Romaci

Fortress

509547222Analyzed
2v2 RM · 5d ago on Sep 27, 2026· 63m 53s· 4 players
Game mode
Random Map
Map size
Normal (6 player)
Population
200
Speed
Normal
Resources
Standard
Victory
Conquest
Starting age
Dark Age
Ending age
Imperial Age
RankedLock teamsTeams togetherTeam positionsShared explorationLock speedFull tech treeHidden civsTurbo modeCheats
Victory
Defeat
🇮🇩 Burmese · Indonesia
785
+13
🇲🇽 Sicilians · Mexico
670
+18
🇲🇽 Bohemians · Mexico
743
-31
🇺🇸 Bohemians · United States
691
-14
Oscar Romaci
6:54 Feudal Age
9:12 Double-Bit Axe
11:21 Wheelbarrow
16:49 Castle Age
15:27 Fletching
16:42 Padded Archer Armor
17:27 Horse Collar
18:11 Hand Cart
19:56 Bow Saw
22:13 Caravan
23:48 Bodkin Arrow
24:10 Leather Archer Armor
23:58 Scale Mail Armor
24:06 Scale Barding Armor
24:13 Forging
25:29 Husbandry
28:29 Chemistry
27:38 Siphons
33:43 Imperial Age
31:48 Fervor
33:09 Murder Holes
37:48 Ballistics
37:41 Incendiaries
39:37 Wagenburg Tactics
41:12 Hussite Reforms
43:13 Two-Man Saw
44:46 Conscription
44:01 Sappers
44:05 Houfnice
45:40 Iron Casting
45:26 Chain Barding Armor
45:01 Cavalier
46:52 Arrowslits
47:00 Guard Tower
47:33 Chain Mail Armor
47:19 Bracer
48:59 Elite Hussite Wagon
51:54 Blast Furnace
51:26 Plate Mail Armor
51:27 Ring Archer Armor
51:23 Bombard Tower
51:15 Masonry
56:52 Keep
AnarchistOwl
1:24 Loom
8:59 Feudal Age
10:36 Scale Mail Armor
11:43 Wheelbarrow
11:29 Forging
14:18 Castle Age
12:47 Town Watch
12:56 Double-Bit Axe
15:50 Bow Saw
16:46 Chain Mail Armor
19:29 Hand Cart
20:14 Arson
21:38 Caravan
23:15 Horse Collar
24:19 Town Patrol
24:08 Man-at-Arms
24:49 Squires
25:24 Long Swordsman
27:52 Iron Casting
27:20 Fletching
29:03 Wagenburg Tactics
30:15 Chemistry
29:40 Heavy Plow
31:04 Bodkin Arrow
31:32 Ballistics
35:49 Imperial Age
35:42 Pikeman
37:57 Conscription
38:57 Two-Man Saw
37:24 Capped Ram
39:16 Guilds
39:34 Halberdier
41:14 Plate Mail Armor
41:46 Blast Furnace
43:19 Houfnice
43:30 Two-Handed Swordsman
46:20 Bracer
49:04 Champion
51:59 Murder Holes
54:17 Masonry
60:09 Elite Hussite Wagon
parry enjoyer
3:07 Loom
8:50 Feudal Age
10:06 Wheelbarrow
9:18 Town Watch
9:22 Horse Collar
14:13 Gold Mining
14:14 Stone Mining
15:32 Wheelbarrow
19:19 Castle Age
18:27 Man-at-Arms
18:53 Arson
20:04 Town Patrol
21:29 Heavy Plow
25:14 Hand Cart
25:42 Treadmill Crane
26:24 Ballistics
26:42 Forging
26:38 Scale Barding Armor
26:27 Fletching
30:06 Imperial Age
29:39 Iron Casting
30:22 Murder Holes
30:37 Masonry
31:25 Iron Casting
30:46 Bodkin Arrow
31:11 Chain Barding Armor
32:19 Gold Shaft Mining
33:13 Chemistry
33:40 Conscription
35:02 Blast Furnace
34:03 Bracer
34:26 Fortified Wall
36:05 Crop Rotation
36:11 Husbandry
36:21 Bloodlines
35:36 Elite Battle Elephant
37:49 Howdah
38:28 Manipur Cavalry
40:15 Blast Furnace
39:15 Bracer
39:51 Plate Barding Armor
38:58 Light Cavalry
41:13 Siege Engineers
41:57 Guilds
41:47 Caravan
49:28 Architecture
59:32 Fervor
59:43 Sanctity
Raphael
1:29 Loom
8:54 Feudal Age
9:32 Double-Bit Axe
10:19 Horse Collar
15:36 Gold Mining
15:37 Stone Mining
17:56 Castle Age
17:33 Padded Archer Armor
19:01 Bow Saw
18:58 Heavy Plow
19:19 Husbandry
19:31 Bloodlines
19:57 Forging
19:53 Scale Barding Armor
20:39 Scale Mail Armor
22:20 Iron Casting
24:34 Wheelbarrow
24:30 Chain Mail Armor
26:14 Hand Cart
30:52 Imperial Age
29:41 Chain Barding Armor
31:56 Hauberk
32:13 Conscription
32:59 Blast Furnace
32:35 Plate Barding Armor
32:52 Plate Barding Armor
31:51 Cavalier
33:43 Plate Mail Armor
33:17 Squires
41:13 Elite Serjeant
45:15 Chemistry
45:45 Caravan
Connection lost

Rejoining the realm…

Still unreachable

The connection could not be restored.

Session expired

The server has moved on; the page needs a fresh start.